 Dungeon Crawl Stone Soup version 0.19-a0-58-gbb97db9 (webtiles) character file.

187 AlphabetPasta the Cudgeler (level 5, 0/53 HPs)
             Began as an Ogre Wanderer on May 8, 2016.
             Succumbed to AlphabetPasta's ghost's sting
             ... on level 3 of the Dungeon.
             The game lasted 00:09:28 (2015 turns).

AlphabetPasta the Cudgeler (Ogre Wanderer)          Turns: 2015, Time: 00:09:29

Health: 0/53       AC:  3    Str: 14 (16) XL:     5   Next: 66%
Magic:  5/5        EV:  7    Int: 13 (15) God:
Gold:   82         SH:  7    Dex: 11 (12) Spells: 0 memorised, 4 levels left

rFire  . . .     SeeInvis .     a - +2 falchion
rCold  . . .     Gourm    .     d - +0 robe
rNeg   . . .     Faith    .     c - +0 shield
rPois  .         Spirit   .     (helmet restricted)
rElec  .         Dismiss  .     (no cloak)
rCorr  .         Reflect  .     (gloves unavailable)
SustAt .         Harm     .     (boots unavailable)
MR     .....                    (no amulet)
Stlth  +.........               (no ring)
                                (no ring)

@: brilliant, lethally poisoned (0 -> -3), not resistant to hostile
enchantments, very unstealthy
A: unfitting armour, blurry vision 1, tough skin 1
a: no special abilities


You were on level 3 of the Dungeon.
You were not hungry.

You visited 1 branch of the dungeon, and saw 3 of its levels.

You collected 82 gold pieces.

Inventory:

Hand Weapons
 a - a +2 falchion (weapon)
 j - a +0 club
Missiles
 n - a javelin (quivered)
 q - 17 poisoned needles
Armour
 c - a +0 shield (worn)
 d - a +0 robe (worn)
Jewellery
 l - an uncursed ring of wizardry {unknown}
Scrolls
 e - a scroll of remove curse {unknown}
 i - a scroll of identify {unknown}
 k - a scroll of teleportation {unknown}
 p - a scroll of fear {unknown}
 r - a scroll of amnesia {unknown}
 s - a scroll of noise {unknown}
 t - a scroll of blinking {unknown}
Comestibles
 f - 2 bread rations
 g - 2 beef jerkies
 h - a slice of pizza
 w - a meat ration


   Skills:
 + Level 3.3 Fighting
 - Level 2.9 Long Blades
 * Level 4.7 Maces & Flails
 + Level 2.6 Throwing
 + Level 2.3 Dodging
 - Level 1.0 Shields


You had 4 spell levels left.
You didn't know any spells.

Dungeon Overview and Level Annotations

Branches:
Dungeon (3/15)

Altars:


Innate Abilities, Weirdness & Mutations

You are too large for most types of armour.
You have tough skin (AC +1).
Scrolls take you a little longer to read.


Message History

You closely miss the goblin.
* * * LOW HITPOINT WARNING * * *
You feel sick. The goblin hits you but does no damage.
Drink which item? (? for menu, Esc to quit)
It was a potion of mutation.
You feel extremely strange.
You feel frail.
Your vision blurs.
You feel robust.
* * * LOW HITPOINT WARNING * * *
You feel sick. The goblin hits you but does no damage.
Drink which item? (? for menu, Esc to quit)
It was a potion of brilliance.
You feel clever all of a sudden. You block the goblin's attack.
Drink which item? (? for menu, Esc to quit)
It was a potion of degeneration.
There was something very wrong with that liquid.
You feel weakened.
You feel dopey.
You feel clumsy. The goblin hits you but does no damage.
You hit the goblin.
The goblin is severely wounded.
You die...

### #.# #.##### #.....#
.######.###.# ## ......#.#
#.# ###. ########...# #.##
#... ..........####..##
#.## ......>..g@.###..#
####.# .(.......##..###.#
#....#
####.###.###.###.####.####
.. ).# #...#....#.# ..
.### ###........# .#
##...###...# #.
###..#.#####.### #
#...##...##....#
#.######.##....#


You could see a goblin.

Vanquished Creatures
  The ghost of AlphabetPasta the Stinger, an amateur HEVM of Sif Muna (D:3)
  4 adders
  An ooze (D:1)
  2 dart slugs (D:1)
  2 giant geckos
  5 giant cockroaches
  10 goblins
  5 hobgoblins
  7 jackals (D:1)
  2 quokkas (D:2)
  A ball python (D:3)
  5 bats
  6 giant newts
  8 kobolds
  10 rats
69 creatures vanquished.

Notes
Turn   | Place    | Note
--------------------------------------------------------------
     0 | D:1      | AlphabetPasta the Ogre Wanderer began the quest for the Orb.
     0 | D:1      | AlphabetPasta set off with: a +2 falchion, a potion of curing, a +0 shield, a +0 robe, a bread ration
     0 | D:1      | Reached XP level 1. HP: 19/19 MP: 1/1
     0 | D:1      | Upgraded the game from 0.19-a0-47-g1fa3c7d to 0.19-a0-58-gbb97db9
    59 | D:1      | Reached XP level 2. HP: 16/27 MP: 2/2
   248 | D:1      | Reached skill level 3 in Maces & Flails
   248 | D:1      | Reached XP level 3. HP: 28/35 MP: 3/3
   757 | D:2      | Reached XP level 4. HP: 44/44 MP: 4/4
  1779 | D:3      | Reached skill level 4 in Maces & Flails
  1856 | D:3      | Noticed AlphabetPasta's ghost (amateur HEVM)
  2006 | D:3      | Killed AlphabetPasta's ghost
  2006 | D:3      | Reached XP level 5. HP: 8/53 MP: 5/5
  2009 | D:3      | HP: 2/53 [goblin (3)]
  2012 | D:3      | Gained mutation: You are frail (-10% HP). [potion of mutation]
  2012 | D:3      | Gained mutation: Scrolls take you a little longer to read. [potion of mutation]
  2012 | D:3      | Lost mutation: You are frail (-10% HP). [potion of mutation]
  2015 | D:3      | Succumbed to AlphabetPasta's ghost's sting

Vault maps used:
D:1:      dpeg_arrival_another_circle, minmay_splitting_lines, minmay_bisected
D:2:      kennysheep_generic_room_9
D:3:      makhleb_blood_cavern_becter

Skill      XL: |  1  2  3  4 |
---------------+-------------+-----
Fighting       | 2 3 |  3.3
Maces & Flails | 3 4 |  4.7
Throwing       | 2 |  2.6
Dodging        | 2 |  2.3
Long Blades    | |  2.9
Shields        | |  1.0

Action                   |  1- 3 |  4- 6 || total
-------------------------+-------+-------++-------
Melee: Falchion          |   143 |    93 ||   236
Throw: Javelin           |     1 |     3 ||     4
  Use: Potion            |       |     4 ||     4
 Stab: Sleeping          |       |     2 ||     2
  Eat: Chunk             |       |     4 ||     4
Armor: Robe              |    49 |    36 ||    85
Dodge: Dodged            |    33 |    15 ||    48
Block: Shield            |    58 |    26 ||    84
